 Dungeon Crawl Stone Soup version 0.30-a0-996-ga6910c8ee8 (webtiles) character file.

Game seed: 13305301286408767157

5323 Dirtsage the Cleaver (level 10, -4/71 HPs)
             Began as a Demonspawn Berserker on Apr 4, 2023.
             Was a Priest of Trog.
             Shot with a bolt by an orc warrior (15 damage)
             ... on level 8 of the Dungeon.
             The game lasted 00:18:00 (7191 turns).

Dirtsage the Cleaver (Demonspawn Berserker)         Turns: 7191, Time: 00:18:00

Health: -4/71      AC: 10    Str: 21    XL:     10   Next: 38%
Magic:  10/10      EV: 18    Int:  8    God:    Trog [***...]
Gold:   733        SH:  0    Dex: 14    Spells: 9/9 levels left

rFire   + + .      SeeInvis .    I - melded +1 war axe (flame)
rCold   + + .      Faith    .    H - melded +3 buckler of the Dwarven Hall {rElec rPois Int+3}
rNeg    + + +      Spirit   .    h - melded +4 ring mail
rPois   ∞          Reflect  .    s - melded +2 helmet
rElec   +          Rampage  .    (cloak currently unavailable)
rCorr   +                        (gloves currently unavailable)
Will    .....                    (boots currently unavailable)
Stlth   +                        (amulet currently unavailable)
HPRegen 0.31/turn                m - melded ring of flight
MPRegen 0.12/turn                u - melded +5 ring of evasion

@: wisp-form (expiring), on berserk cooldown, flying, slowed, very slow
A: insubstantial, flying, no casting, tiny, (claws 2), (icy blue scales 1),
ignite blood 1, powered by death 1
a: Renounce Religion, Berserk, Trog's Hand


You were on level 8 of the Dungeon.
You worshipped Trog.
Trog was most pleased with you.
You were an insubstantial wisp.
You visited 2 branches of the dungeon, and saw 9 of its levels.
You also visited: Ossuary.

You collected 733 gold pieces.

Inventory:

Hand Weapons
 I - a +1 war axe of flaming (melded)
Missiles
 M - a curare-tipped dart (quivered)
Armour
 h - a +4 ring mail (melded)
 s - a +2 helmet (melded)
 C - a +0 cloak
 H - the +3 buckler of the Dwarven Hall (melded) {rElec rPois Int+3}
   (You acquired it on level 5 of the Dungeon)

   Int:       It affects your intelligence (+3).
   rElec:     It insulates you from electricity.
   rPois:     It protects you from poison.
Jewellery
 m - a ring of flight (melded)
 u - a +5 ring of evasion (melded)
 D - a +6 ring of strength
 F - a ring of ice
 N - a +6 ring of dexterity
Wands
 y - a wand of flame (9)
 B - a wand of charming (10)
 K - a wand of iceblast (12)
Scrolls
 b - 2 scrolls of magic mapping
 g - 4 scrolls of fear
 i - a scroll of identify
 k - 2 scrolls of poison {unknown}
 l - 2 scrolls of fog
 o - a scroll of butterflies
 p - a scroll of silence {unknown}
 r - 3 scrolls of amnesia
 t - 5 scrolls of teleportation
 v - a scroll of enchant armour
 x - 2 scrolls of immolation
 A - 3 scrolls of noise {unknown}
 G - a scroll of brand weapon {unknown}
 J - a scroll of enchant weapon {unknown}
Potions
 a - 3 potions of flight {unknown}
 c - a potion of invisibility {unknown}
 d - 4 potions of might
 e - 7 potions of haste {unknown}
 f - 2 potions of mutation {unknown}
 j - 2 potions of cancellation {unknown}
 n - 3 potions of attraction {unknown}
 q - 5 potions of curing
 w - 2 potions of resistance {unknown}
 z - 3 potions of heal wounds {unknown}
 E - a potion of brilliance {unknown}
 L - a potion of degeneration {unknown}


   Skills:
 + Level 3.7 Fighting
 * Level 13.8 Axes
 + Level 2.7 Armour
 - Level 1.7 Dodging
 + Level 1.7 Shields


You had 9 spell levels left.
You didn't know any spells.
Your spell library contained the following spells:

 Spells                   Type           Power      Damage    Failure   Level
 Beastly Appendage        Tmut           0%         N/A       41%         1
 Wereblood                Tmut           0%         N/A       54%         2
 Spider Form              Tmut/Pois      0%         N/A       78%         3
 Summon Forest            Summ/Tloc      0%         N/A       100%        5
 Eringya's Noxious Bog    Tmut/Pois      0%         N/A       100%        6
 Summon Hydra             Summ           0%         N/A       100%        7


Dungeon Overview and Level Annotations

Branches:
Dungeon (8/15)             Temple (1/1) D:5            Lair (0/5) D:8
Ossuary (visited)

Altars:
Ashenzari
Cheibriados
Gozag
Hepliaklqana
Kikubaaqudgha
Makhleb
Qazlal
Ru
Trog
Uskayaw
Wu Jian
Xom


Innate Abilities, Weirdness & Mutations

You are an insubstantial wisp.
Your tiny insubstantial body is highly resistant to most damage types.
You are flying.
Your equipment is entirely melded.
You are incapable of wielding weapons or throwing items.
You cannot cast spells.
((You have very sharp fingernails.))
((You are partially covered in icy blue scales. (AC +2)))
Your demonic aura sometimes causes spilled blood to erupt in flames.
You regenerate a little health from kills.


Message History

You see here a +0 dagger.
Your butterfly disappears in a burst of colours!
You start resting.
You feel a strong urge to attack something.
Calm down first, please.
Calm down first, please.
You start resting.
You feel your anger nearly subside.
You start resting.
You are no longer berserk.
You are exhausted.
You feel yourself slow down.
Your butterfly disappears in a burst of colours! x2
You now have 32/71 hp.
You start resting.
Your butterfly disappears in a burst of colours!
You start resting.
Your butterfly disappears in a burst of colours!
You start resting.
Your butterfly disappears in a burst of colours! x3
An orc warrior is nearby!
An orc warrior is nearby!
The orc warrior shouts!
You hear a shout!
Your butterfly disappears in a burst of colours!
The orc warrior unwields a +0 glaive.
The orc warrior wields a +0 arbalest.
The orc warrior shoots a bolt.
The bolt misses you.
An orc comes into view. It is wielding a +0 falchion.
You swap places.
The orc warrior shoots a bolt.
The bolt hits you!
You hear a shout!
You take 7 damage, and have 27/71 hp.
The orc warrior shoots a bolt.
The bolt completely misses you.
Your transformation is almost over.
Your butterfly disappears in a burst of colours!
The orc warrior shoots a bolt.
The bolt hits you.
You take 2 damage, and have 26/71 hp.
There is a stone staircase leading up here.
The orc warrior shoots a bolt.
The bolt hits you!
* * * LOW HITPOINT WARNING * * *
The orc warrior shoots a bolt.
The bolt hits you!
You die...

.b......#†.....##
......#.........# ......
.....##........###......
....o....o..............
.......).......##......#
...##..#.o............#
...###.#.o...........##.
.. #.....).............
#..#.........v....# ..
##.............# .
#..##.........## ....
###........# #.#.#
#.........# #.#.
.....##...# # ## ##....#
#.## ###..# ##


You could see an orc warrior and 2 orcs.

Vanquished Creatures
  Pikel (D:8)
  Maurice (D:8)
  A komodo dragon (D:7)
  Maggie (D:6)
  Prince Ribbit (D:6)
  A hornet (D:7)
  A wyvern (D:7)
  A yak (D:8)
  2 steam dragons
  3 water moccasins (D:8)
  3 black bears
  3 ice beasts
  An ogre (D:7)
  2 centaurs (D:8)
  3 phantoms
  3 elf zombies (Ossuary)
  7 bullfrogs
  A gnoll sergeant (D:8)
  A scorpion (D:6)
  6 wights (D:8)
  4 howler monkeys
  5 electric eels (D:8)
  3 jellies
  3 orc priests (D:6)
  An orc wizard (D:7)
  4 iguanas
  2 hound zombies (Ossuary)
  4 mummies (Ossuary)
  6 gnolls
  5 adders
  A shadow imp (D:8)
  A white imp (D:7)
  2 ufetubi
  An adder zombie (Ossuary)
  A worm (D:2)
  A dart slug (D:1)
  18 orcs
  7 endoplasms
  2 goblins
  4 hobgoblins
  4 jackals
  6 kobolds
  2 quokkas (D:2)
  6 ball pythons
  7 bats
  3 goblin zombies (Ossuary)
  2 hobgoblin zombies (Ossuary)
  An orc zombie (Ossuary)
  3 rats
152 creatures vanquished.

Vanquished Creatures (others)
  A kobold brigand (D:8)
  33 fungi (D:8)
  30 plants (D:8)
  3 toadstools (D:3)
67 creatures vanquished.

Grand Total: 219 creatures vanquished

Notes
Turn   | Place    | Note
-------+----------+-------------------------------------------
     0 | D:1      | Dirtsage the Demonspawn Berserker began the quest for the
                  | Orb.
     0 | D:1      | Reached XP level 1. HP: 18/18 MP: 1/1
    21 | D:1      | Found a faded altar of an unknown god.
   118 | D:1      | Reached skill level 3 in Axes
   369 | D:1      | Gained mutation: You are partially covered in icy blue
                  | scales. (AC +2) [demonic ancestry]
   369 | D:1      | Reached XP level 2. HP: 22/24 MP: 2/2
  1340 | D:2      | Gained mutation: You regenerate a little health from kills.
                  | [demonic ancestry]
  1340 | D:2      | Reached XP level 3. HP: 14/29 MP: 3/3
  1549 | D:2      | Reached skill level 4 in Axes
  1604 | D:2      | Reached ** piety under Trog
  2092 | D:3      | Found a hazy altar of Hepliaklqana.
  2098 | D:3      | Found a burning altar of Makhleb.
  2169 | D:3      | Noticed an angel
  2170 | D:3      | Noticed a balrug
  2202 | D:3      | Gained mutation: You have sharp fingernails. [demonic
                  | ancestry]
  2202 | D:3      | Reached XP level 4. HP: 35/35 MP: 4/4
  2798 | D:4      | Reached skill level 5 in Axes
  2814 | D:4      | Found a snail-covered altar of Cheibriados.
  3445 | D:5      | Entered Level 5 of the Dungeon
  3455 | D:5      | Gained mutation: Your demonic aura sometimes causes spilled
                  | blood to erupt in flames. [demonic ancestry]
  3455 | D:5      | Reached XP level 5. HP: 41/41 MP: 5/5
  3507 | D:5      | Noticed a black bear
  3530 | D:5      | Killed a black bear
  3531 | D:5      | Reached skill level 6 in Axes
  3531 | D:5      | Reached XP level 6. HP: 47/47 MP: 6/6
  3591 | D:5      | Found a staircase to the Ecumenical Temple.
  3701 | D:5      | Found a sand-covered staircase.
  3715 | Ossuary  | Entered an ossuary
  3747 | Ossuary  | Reached skill level 7 in Axes
  3754 | Ossuary  | Reached XP level 7. HP: 37/52 MP: 7/7
  4014 | D:5      | Identified 2 scrolls of acquirement
  4016 | D:5      | Acquired the +3 buckler of the Salamander {Int+4 Dex+3}
  4017 | D:5      | Acquired the +3 buckler of the Dwarven Hall {rElec rPois
                  | Int+3}
  4136 | D:5      | Found a hide-covered altar of Uskayaw.
  4226 | D:5      | Found a bloodstained altar of Trog.
  4486 | Temple   | Entered the Ecumenical Temple
  4606 | D:6      | Reached skill level 8 in Axes
  4711 | D:6      | Found an ornate altar of the Wu Jian Council.
  4898 | D:6      | Noticed Maggie
  4903 | D:6      | Killed Maggie
  4904 | D:6      | Reached skill level 9 in Axes
  4904 | D:6      | Gained mutation: You have very sharp fingernails. [demonic
                  | ancestry]
  4904 | D:6      | Reached XP level 8. HP: 58/58 MP: 8/8
  5075 | D:6      | Reached *** piety under Trog
  5271 | D:6      | Reached skill level 10 in Axes
  5564 | D:6      | Noticed Prince Ribbit
  5573 | D:6      | Killed Prince Ribbit
  5574 | D:6      | Reached skill level 11 in Axes
  5677 | D:7      | Noticed a hornet
  5680 | D:7      | Reached XP level 9. HP: 63/63 MP: 9/9
  5900 | D:7      | Reached skill level 12 in Axes
  6078 | D:7      | Identified the +6 shortbow of Somewhere Else {drain, rF+
                  | Stlth+}
  6226 | D:8      | Noticed a komodo dragon
  6241 | D:7      | Killed a komodo dragon
  6316 | D:8      | Reached skill level 13 in Axes
  6404 | D:8      | Found a staircase to the Lair.
  6472 | D:8      | Reached XP level 10. HP: 65/70 MP: 10/10
  6647 | D:8      | Noticed Pikel
  6660 | D:8      | Killed Pikel
  6661 | D:8      | Reached skill level 1 in Shields
  7143 | D:8      | Noticed Maurice
  7175 | D:8      | Killed Maurice
  7191 | D:8      | Shot with a bolt by an orc warrior

Illustrated notes

Levels and vault maps discovered:
D:1:      co_arrival_square_in_a_square_in_a_square, layout_basic,
          basic_ecumenical_altar
D:2:      layout_basic
D:3:      layout_rooms, mainiacjoe_overflow_catwalk,
          grunt_temple_overflow_order_and_chaos_2, minmay_gold_behind_fungi
D:4:      layout_basic, mainiacjoe_overflow_24_doors
D:5:      layout_loops_ring, overflow_temple_1_default,
          nicolae_overflow_hidden_temple, minmay_temple_entry_sparse_star,
          enter_ossuary_5
D:6:      minmay_spotlight, layout_basic, pdpol_wu_jian_five_deadly_venoms,
          nicolae_tso_carved_into_rock, kennysheep_nondescript, uniq_maggie,
          uniq_prince_ribbit1
D:7:      layout_rooms, kennysheep_mini
D:8:      layout_cave_pools, mainiacjoe_overflow_boulevard,
          lemuel_crystal_altar, due_lair_maze_entry_diamond, nrook_campfire,
          water_boxes_lemuel, uniq_maurice, uniq_pikel
Temple:   hellmonk_temple_micro_hex

Skill      XL: |  1  2  3  4  5  6  7  8  9 10 |
---------------+-------------------------------+-----
Axes           | 3 4 5 6 7 9 11 13 | 13.8
Armour         | 2 |  2.7
Shields        | 1 |  1.7
Fighting       | |  3.7
Dodging        | |  1.7

Action                     |  1- 3 |  4- 6 |  7- 9 | 10-12 || total
---------------------------+-------+-------+-------+-------++-------
  Melee: Hand axe          |   120 |       |       |       ||   120
         War axe           |     6 |   114 |   224 |    64 ||   408
         Punch             |       |       |     1 |       ||     1
         Unarmed           |       |       |       |    11 ||    11
 Invoke: Berserk           |     1 |     4 |     8 |     2 ||    15
    Use: Scroll            |       |     4 |     9 |     1 ||    14
   Stab: Sleeping          |     1 |       |       |       ||     1
 Armour: Animal skin       |     8 |       |       |       ||     8
         Ring mail         |    40 |    87 |    58 |    12 ||   197
         Skin              |       |       |       |     4 ||     4
  Dodge: Dodged            |    91 |   141 |   108 |    38 ||   378
  Block: Buckler           |       |       |    58 |    16 ||    74

Table legend: (Time is in decaauts)
 A = Elapsed time spent in this place.
 B = Non-inter-level travel time spent in this place.
 C = Inter-level travel time spent in this place.
 D = Time resting spent in this place.
 E = Time spent auto-exploring this place.
 F = Levels seen in this place.
 G = Mean time per level.
                   A        B        C        D        E       F      G
               +--------+--------+--------+--------+--------+-----+--------+
         Total |   7356 |   7067 |    289 |   1149 |   4520 |  10 |  735.6 |
       Dungeon |   7041 |   6752 |    289 |   1105 |   4352 |   8 |  880.1 |
        Temple |      1 |      1 |      0 |      0 |      0 |   1 |    1.0 |
       Ossuary |    313 |    313 |      0 |     43 |    168 |   1 |  313.0 |
               +--------+--------+--------+--------+--------+-----+--------+

Top non-repeatable levels by time:
     D:1: 1197 daAuts
     D:6: 1130 daAuts
     D:4: 1015 daAuts
     D:2: 901 daAuts
     D:8: 901 daAuts
     D:5: 835 daAuts
     D:7: 685 daAuts
     D:3: 373 daAuts
 Ossuary: 313 daAuts
  Temple: 1 daAuts
